 Dungeon Crawl Stone Soup version 0.27-a0-1565-gad902ab807 (webtiles) character file.

Game seed: 14073583536547328408

601122 freelancePsychic the Sorcerer (level 27, -10/210 HPs)
             Began as a Djinni Fire Elementalist on July 16, 2021.
             Was the Champion of Makhleb.
             Mangled by a doom hound (33 damage)
             ... on level 7 of Tartarus.
             The game lasted 02:45:53 (44346 turns).

freelancePsychic the Sorcerer (DjFE)               Turns: 44346, Time: 02:45:54

Health: -10/210    AC: 11    Str:  7    XL:     27
Gold:   6790       EV: 19    Int: 34    God:    Makhleb [******] SH: 17 Dex: 16

rFire    + + .     SeeInvis +   U - staff of air
rCold    . . .     Faith    .   f - +4 kite shield of Jipavob {rC+ Regen+}
rNeg     + + .     Spirit   .   E - +0 troll leather armour
rPois    ∞         Reflect  .   D - +0 hat {SInv}
rElec    +         Harm     .   N - +2 cloak
rCorr    .         Rampage  .   d - +1 pair of gloves
Will     ++...                  (boots unavailable)
Stlth    +++.......             S - amulet of Beogh's Approval {*Corrode rPois rN++ Regen+ Stlth+}
HPRegen  3.45/turn              z - +4 ring of protection
MPRegen  0.00/turn              Z - +6 ring of intelligence

@: corroded, flying, studying Crossbows, silenced
A: sickness immunity, fire resistance 2, cold vulnerability 1, float, innate
caster, hp casting, extra vitality 1
}: 3/15 runes: decaying, slimy, gossamer
a: Renounce Religion


You were on level 7 of Tartarus.
You worshipped Makhleb.
Makhleb was exalted by your worship.
You visited 12 branches of the dungeon, and saw 57 of its levels.
You also visited: Bailey and Gauntlet.

You collected 8694 gold pieces.
You spent 1904 gold pieces at shops.

Inventory:

Armour
 d - a +1 pair of gloves (worn)
 f - the +4 kite shield of Jipavob (worn) {rC+ Regen+}
   (You acquired it on level 2 of the Dungeon)

   rC:        It protects you from cold.
   Regen:     It increases your rate of health regeneration.
 D - a +0 hat of see invisible (worn)
 E - a +0 troll leather armour (worn)
 N - a +2 cloak (worn)
Magical Staves
 T - a staff of conjuration
 U - a staff of air (weapon)
Jewellery
 m - the ring "Sanuh" {Fire Fly Will+ Str+2 SInv}
   (You found it on level 2 of the Depths)

   [ring of fire]

   It enhances your fire magic.
   Str:       It affects your strength (+2).
   rF:        It protects you from fire.
   rC:        It makes you vulnerable to cold.
   SInv:      It lets you see invisible.
   Fly:       It grants you flight.
   Will:      It increases your willpower.
 q - an amulet of reflection
 y - the ring "Satziymeoc" {rF- Will+ rCorr Dex+2}
   (You found it in a Gauntlet)

   [ring of willpower]

   Dex:       It affects your dexterity (+2).
   rF:        It makes you vulnerable to fire.
   rCorr:     It protects you from acid and corrosion.
   Will:      It increases your willpower.
 z - a +4 ring of protection (left hand)
 A - the amulet of Eternal Harmony {RegenMP rC+ rN+ Dex-2 SInv}
   (You found it on level 13 of the Dungeon)

   [amulet of magic regeneration]

   It increases your rate of magic regeneration.
   Dex:       It affects your dexterity (-2).
   rC:        It protects you from cold.
   rN:        It protects you from negative energy.
   SInv:      It lets you see invisible.
 C - a ring of positive energy
 G - a ring of wizardry
 L - a +6 ring of dexterity
 S - the amulet of Beogh's Approval (around neck) {*Corrode rPois rN++ Regen+ Stlth+}
   (You found it in a Gauntlet)

   [amulet of regeneration]

   rPois:     It protects you from poison.
   rN:        It greatly protects you from negative energy.
   Regen:     It increases your rate of health regeneration.
   *Corrode:  It may corrode you when you take damage.
   Stlth:     It makes you more stealthy.
 Z - a +6 ring of intelligence (right hand)
Wands
 i - a wand of polymorph (55)
 n - a wand of charming (19)
 o - a wand of iceblast (58)
 F - a wand of acid (57)
 I - a wand of paralysis (6)
 O - a wand of flame (55)
 R - a wand of digging (13)
 W - a wand of mindburst (9)
Scrolls
 e - 3 scrolls of brand weapon
 g - 7 scrolls of enchant weapon
 h - 5 scrolls of enchant armour
 r - 9 scrolls of fog
 s - 4 scrolls of vulnerability
 t - 5 scrolls of immolation
 v - 15 scrolls of teleportation {@r4}
 x - a scroll of summoning
 B - 5 scrolls of magic mapping
 K - 3 scrolls of holy word
 M - 3 scrolls of fear
 Y - 27 scrolls of identify {@r1}
Potions
 a - a potion of cancellation
 b - 11 potions of attraction
 c - 8 potions of heal wounds {@q2}
 j - 12 potions of curing {@q1}
 k - 6 potions of brilliance
 l - 4 potions of berserk rage
 p - 3 potions of degeneration
 u - 5 potions of haste {@q3}
 w - 7 potions of mutation
 H - 8 potions of ambrosia
 J - 2 potions of resistance
 P - 5 potions of magic
 Q - 5 potions of might
 X - a potion of invisibility
Miscellaneous
 V - a condenser vane


   Skills:
 - Level 21.4 Fighting
 - Level 8.7 Armour
 - Level 15.0 Dodging
 - Level 1.5 Stealth
 - Level 15.0 Shields
 + Level 25.8 Spellcasting


You couldn't memorise any spells.
You knew the following spells:

 Your Spells              Type           Power      Damage    Failure   Level
a - Shadow Creatures      Summ           N/A        N/A       0%          6
b - Chain Lightning       Conj/Air       73%        3d97      1%          9
c - Lee's Rapid Deconstr  Erth           60%        3d29*     0%          5
d - Discord               Hex            60%        N/A       1%          8
e - Fireball              Conj/Fire      60%        3d23      0%          5
f - Haunt                 Necr/Summ      60%        N/A       0%          7
g - Wereblood             Tmut           100%       N/A       0%          2
h - Ozocubu's Armour      Ice            100%       N/A       0%          3
i - Conjure Flame         Conj/Fire      100%       6-21      0%          3
j - Hailstorm             Conj/Ice       100%       3d20      0%          4
k - Inner Flame           Hex/Fire       100%       N/A       0%          3
l - Foxfire               Conj/Fire      100%       2x1d9     0%          1
m - Beastly Appendage     Tmut           100%       N/A       0%          1
n - Storm Form            Tmut/Air       73%        N/A       0%          7
o - Disjunction           Tloc           60%        N/A       1%          8
p - Sticky Flame          Conj/Fire      100%       2d11      0%          4
q - Borgnjor's Revivific  Necr           60%        N/A       1%          8
r - Vampiric Draining     Necr           60%        2d14      0%          3
Your spell library was empty.

Dungeon Overview and Level Annotations

Branches:
Dungeon (15/15)            Temple (1/1) D:5            Lair (6/6) D:10
  Swamp (4/4) Lair:4       Spider (4/4) Lair:3        Slime (5/5) Lair:5
    Orc (2/2) D:12            Elf (3/3) Orc:2        Vaults (4/5) D:14
  Crypt (0/3) Vaults:3     Depths (5/5) D:15           Hell (visited)
    Dis (0/7) Hell            Geh (0/7) Hell            Coc (0/7) Hell
    Tar (7/7) Hell         Bailey (visited)         Gauntlet (visited)
    Zot: Depths:5

Altars:
Ashenzari
Cheibriados
Dithmenos
Elyvilon
Fedhas
Gozag
Hepliaklqana
Kikubaaqudgha
Makhleb
Nemelex Xobeh
Okawaru
Qazlal
Ru
Sif Muna
Trog
Uskayaw
Vehumet
Wu Jian
Xom
Yredelemnul
Zin
The Shining One
Jiyva

Shops:
D:2 ?   D:10 =   D:13 [   Orc:1 :   Orc:2 **:(   Elf:2 (   Vaults:1 !
Depths:1 *

Portals:
Hell: Depths:1 Depths:2 Depths:3 Depths:4 Depths:5
Abyss: Depths:1 Depths:3 Depths:4
Pandemonium: Orc:2 Depths:3
Ziggurat: Depths:2
Trove: Vaults:2 (give 4 potions of resistance)

Annotations:
D:14 3 runed translucent doors, Pesafeac's ghost, journeyman OpCj
Spider:1 1 runed translucent door, pyrow613's ghost, journeyman DrCj
Elf:1 6 runed translucent doors
Elf:2 5 runed translucent doors
Elf:3 1 runed translucent door, robertstho's ghost, adept MiBe


Innate Abilities, Weirdness & Mutations

You are immune to sickness and miasma.
You are immune to poison.
Your flesh is very heat resistant. (rF++)
You are vulnerable to cold. (rC-)
You float through the air rather than walking.
You learn spells naturally, not from books.
Your magical power is your life essence.
You have superior vitality. (+4 HP)


Message History

Makhleb accepts your kill.
The bolt of lightning hits the Tzitzimitl!!!
The Tzitzimitl resists.
The Tzitzimitl is moderately wounded.
You hear a roar!
The Tzitzimitl calls on the powers of darkness!
Your body is wracked with pain!
Casting: Chain Lightning (dangerous; 1% risk of failure)
Confirm with . or Enter, or press ? or * to list all spells.
You feel a surge of power! Lightning arcs from your hands!
The bolt of lightning hits the flying skull!!
The flying skull resists.
You destroy the flying skull!
Makhleb accepts your kill.
You start resting.
A Tzitzimitl is nearby!
Casting: Chain Lightning (dangerous; 1% risk of failure)
Confirm with . or Enter, or press ? or * to list all spells.
You feel a surge of power! Lightning arcs from your hands!
The bolt of lightning hits the Tzitzimitl!!!!
The Tzitzimitl resists.
You kill the Tzitzimitl!
Makhleb accepts your kill.
You feel better. The bolt of lightning hits you! You resist.
A reaper comes into view. It is wielding a +1 scythe of freezing.
You block the reaper's attack. The reaper misses you.
You barely miss the reaper.
The reaper hits you with a +1 scythe of freezing!!
The reaper freezes you!
The reaper hits you with a +1 scythe of freezing!!!
Your corrosive artefact corrodes you!
The reaper freezes you!
* * * LOW HITPOINT WARNING * * *
You hit the reaper but do no damage. You block the reaper's attack.
The reaper hits you from afar with a +1 scythe of freezing!!
* * * LOW HITPOINT WARNING * * *
The reaper freezes you!
* * * LOW HITPOINT WARNING * * *
The doom hound bites you!!
You die...

≈≈≈≈≈≈≈≈≈≈≈≈≈≈≈≈≈≈≈≈≈≈≈≈≈≈≈≈≈≈≈≈≈
≈≈≈≈≈≈≈≈≈≈≈≈≈≈≈≈≈≈≈≈≈≈≈≈≈≈≈≈≈≈≈≈≈
≈≈≈≈≈≈≈≈≈≈≈≈≈≈≈≈≈≈≈≈≈≈≈≈≈≈≈≈≈≈≈≈≈
≈≈≈≈≈≈≈≈≈≈≈≈≈≈≈≈≈≈≈≈≈≈≈≈≈≈≈≈≈≈≈≈≈
≈≈≈≈≈≈≈*****,,,,,,,,,,**≈≈≈≈≈≈≈≈≈
≈≈,,,,,*,,#########******#,*,**,,
,,,,,,,*,,#....#..#,,,,#..,,,,*,,
#####,,,,,#....#..#,,,.)..,*,,***
....#,,,,*#.....@.###...#,,*,,,,*
#...#,*,,,#..#..h.#.....#,,*,,,,*
#...#,*,,,#..####..2....#,,*,,,,*
...########..#,,#....########*,,,
..........#..#,.....##..#...#,,,,
.....#.......#.......#......#,,,,
.....#.......######..#......#,,,,
.....###.......#,,,..####...##,,,
.....#.........#,,,..#.......###*


You could see a doom hound and a reaper.

Vanquished Creatures
  the Royal Jelly (Slime:5)
  2 juggernauts
  Margery (Depths:4)
  Geryon (Hell)
  4 bone dragons
  8 Tzitzimimeh
  13 doom hounds
  A tentacled monstrosity (Depths:3)
  7 liches
  2 titans (Depths:3)
  3 deep elf blademasters (Elf:3)
  4 deep elf master archers (Elf:3)
  A quicksilver dragon (Depths:3)
  13 acid blobs
  6 sphinxes
  Gastronok (D:9)
  2 ancient champions (Hell)
  5 tengu reavers
  3 shadow dragons
  2 storm dragons
  11 azure jellies
  3 fenstrider witches
  A revenant (Hell)
  3 deep elf sorcerers
  3 vault wardens
  8 fire giants
  An iron dragon (Hell)
  7 ghost moths
  9 frost giants
  5 spectral caustic shrikes (Depths:5)
  4 emperor scorpions
  Aizul (Depths:3)
  A deep elf elementalist (Elf:3)
  6 quicksilver oozes
  14 very ugly things
  A war gargoyle (Hell)
  19 reapers
  12 ironbound preservers
  5 spriggan defenders (Depths:3)
  12 stone giants
  Nessos (D:14)
  4 deep elf demonologists
  8 vampire knights
  A dire elephant (Vaults:4)
  2 entropy weavers
  A deep elf annihilator (Depths:4)
  The ghost of Cyda Jyj the Martial Artist, a journeyman DsGl of Dithmenos (Lair:3)
  A lorocyproca (Hell)
  A minotaur (Gauntlet)
  8 bunyips
  11 spark wasps
  An eleionoma (Swamp:3)
  A jiangshi (D:15)
  4 blizzard demons (Hell)
  The ghost of Kiemec the Thaumaturge, a journeyman DjFE of Makhleb (D:13)
  4 deep elf death magi
  8 ice dragons
  6 ettins
  3 deep elf high priests
  6 ironbound thunderhulks
  A merfolk impaler (D:13)
  4 fire dragons (Depths:4)
  12 great orbs of eyes
  A peacekeeper (Vaults:4)
  5 yaktaur captains
  27 hydras
  Harold (D:8)
  4 rakshasas
  2 ghost crabs
  A naga warrior (D:13)
  6 boulder beetles
  2 vault guards (Vaults:1)
  2 hell beasts
  5 spriggan air magi
  12 centaur warriors
  7 two-headed ogres
  10 ironbound frosthearts
  9 death yaks (Lair:5)
  15 dancing weapons
  3 alligators
  10 deep troll earth magi
  4 deep troll shamans
  11 tengu warriors
  Urug (D:14)
  4 hell hogs (Hell)
  A titan zombie (Tar:7)
  10 orc high priests
  An ironbound beastmaster (Vaults:4)
  5 sun demons (Hell)
  18 soul eaters
  11 spriggan berserkers
  4 vampire magi
  9 hell knights
  Sonja (Lair:3)
  17 deep elf knights
  A storm dragon zombie (Tar:7)
  2 titan skeletons
  A fire crab (Lair:6)
  6 iron trolls
  2 goliath frogs (Swamp:3)
  20 skeletal warriors
  A golden dragon zombie (Tar:7)
  An infernal demonspawn (Orc:2)
  9 shadow demons
  10 swamp dragons
  2 spriggan druids
  8 bog bodies
  10 deep elf archers
  5 anaconda zombies
  A lindwurm (Lair:6)
  3 flayed ghosts
  53 deep trolls
  3 glowing orange brains
  An orange crystal statue (Depths:1)
  2 anaconda skeletons
  2 harpies (Vaults:1)
  10 ironbound convokers
  2 torturous demonspawn (Orc:2)
  5 phantasmal warriors
  25 deep elf zephyrmancers
  4 necromancers
  3 wizards
  A wolf spider zombie (Tar:7)
  28 wolf spiders
  2 iron dragon zombies (Tar:1)
  18 orb spiders
  23 deep elf pyromancers
  11 orc knights
  5 orc sorcerers
  A human zombie (Vaults:4)
  4 will-o-the-wisps
  A shadow dragon skeleton (Tar:7)
  4 cyclopes
  2 iron dragon skeletons (Tar:2)
  37 ugly things
  3 oklob plants (Lair:2)
  A manticore (shapeshifter) (Depths:1)
  A moth of wrath (Spider:1)
  2 manticores
  A dire elephant zombie (Tar:7)
  A salamander (Depths:4)
  A frost giant skeleton (Tar:7)
  A stone giant skeleton (Vaults:4)
  6 rust devils (Hell)
  14 vault sentinels
  3 black mambas
  Joseph (D:9)
  2 eyes of devastation
  7 cane toads
  3 torpor snails
  13 smoke demons (Hell)
  A cane toad (shapeshifter) (D:14)
  2 molten gargoyles (Hell)
  2 unseen horrors (D:12)
  3 hellions
  2 spectral swamp worms (Tar:7)
  10 komodo dragons
  4 rime drakes
  4 freezing wraiths
  13 yaktaurs
  4 tormentors
  5 tengu conjurers
  15 demonic crawlers
  3 kobold demonologists
  An efreet (D:14)
  A hellwing (Orc:2)
  2 red devils
  A red draconian skeleton (Tar:7)
  A green draconian skeleton (Tar:6)
  A troll (D:13)
  2 hydra zombies
  7 polar bears
  11 tyrant leeches
  A wolf spider simulacrum (D:14)
  2 bloated husks (Swamp:1)
  A queen bee (Lair:1)
  Prince Ribbit (D:7)
  A harpy skeleton (Tar:7)
  20 jumping spiders
  29 hornets
  29 slime creatures
  3 hydra skeletons
  A snapping turtle (shapeshifter) (D:14)
  11 blink frogs
  A dream sheep (shapeshifter) (Depths:3)
  15 dream sheep
  A fire dragon skeleton (Tar:7)
  24 flying skulls
  An alligator skeleton (Hell)
  An air elemental (Elf:1)
  An ice dragon zombie (Tar:6)
  42 spriggans
  22 tarantellas
  An ettin skeleton (Tar:7)
  7 shadows
  13 water elementals
  A vampire (D:12)
  88 redbacks
  4 wraiths
  A wyvern (Lair:1)
  33 yaks
  2 fire elementals (Elf:1)
  11 humans (D:14)
  3 golden eyes (Slime:4)
  5 basilisks
  2 steam dragons
  32 vampire mosquitoes
  15 swamp worms
  2 acid dragons
  3 wargs
  2 floating eyes
  17 water moccasins
  A human skeleton (Vaults:4)
  An ice beast (D:5)
  5 hell hounds
  A merfolk skeleton (Tar:1)
  36 orc warriors
  7 swamp drakes
  A sky beast (D:7)
  3 black bears
  14 ogres
  An alligator simulacrum (Hell)
  15 necrophages
  8 boggarts
  24 wolves
  13 centaurs
  4 phantoms
  5 kobold brigands
  9 bullfrogs
  2 gnoll sergeants
  2 earth elementals (Elf:2)
  A small abomination (Gauntlet)
  4 scorpions
  A water moccasin zombie (D:6)
  A wyvern skeleton (D:7)
  43 killer bees
  22 wights
  7 electric eels
  A spriggan skeleton (Tar:7)
  A howler monkey (D:11)
  A crimson imp (Tar:1)
  A bullfrog zombie (D:6)
  5 centaur zombies
  A human simulacrum (Vaults:4)
  A jelly (Lair:5)
  A jelly (shapeshifter) (Depths:3)
  A centaur skeleton (D:6)
  30 orc priests
  5 hounds
  9 hell rats
  2 iguanas
  14 orc wizards
  2 howler monkey zombies
  Robin (D:3)
  12 gnolls
  8 river rats (Lair:1)
  9 adders
  10 shadow imps
  2 adder skeletons
  2 worms
  4 dart slugs
  70 orcs
  4 ball pythons
  5 bats
  A bat skeleton (D:2)
  7 endoplasms
  6 giant cockroaches
  10 goblins
  7 hobgoblins
  9 jackals
  9 kobolds
  5 quokkas
  A ball python skeleton (D:2)
  A ball python zombie (D:2)
  3 frilled lizards
  A giant cockroach zombie (D:2)
  3 rats
  A bush (Lair:6)
1945 creatures vanquished.

Vanquished Creatures (collateral kills)
  Mara (Depths:3)
  Sojobo (Vaults:2)
  the Lernaean hydra (Swamp:4)
  Saint Roka (Vaults:2)
  2 golden dragons (Depths:3)
  Jory (Depths:3)
  Rupert (D:14)
  A titan (Depths:3)
  Asterion (Vaults:3)
  An acid blob (Depths:2)
  A sphinx (Vaults:3)
  7 rockslimes
  Donald (Vaults:4)
  An iron dragon (Depths:3)
  4 fire giants
  3 deep elf sorcerers (Elf:3)
  A frost giant (Depths:3)
  A vault warden (Vaults:4)
  A balrug (Depths:2)
  2 deep elf elementalists (Elf:3)
  2 war gargoyles
  6 ironbound preservers
  A quicksilver ooze (Slime:5)
  4 very ugly things (Vaults:4)
  3 stone giants
  A deep elf demonologist (Elf:3)
  2 entropy weavers
  2 deep elf annihilators (Elf:3)
  A vampire knight (Depths:3)
  A deep elf death mage (Elf:3)
  An ettin (Depths:3)
  A fire dragon (Depths:3)
  A jiangshi (D:15)
  A crystal guardian (Vaults:4)
  A yaktaur captain (Vaults:1)
  A rakshasa (Depths:3)
  3 great orbs of eyes
  3 deep elf high priests (Elf:3)
  An ironbound thunderhulk (Vaults:4)
  2 hydras
  A peacekeeper (Vaults:4)
  2 boulder beetles
  An ogre mage (Vaults:2)
  5 centaur warriors
  A vault guard (Vaults:2)
  An ironbound frostheart (Vaults:2)
  A deep troll shaman (Depths:3)
  6 hell knights (Depths:3)
  A spriggan berserker (Depths:3)
  A deep elf knight (Elf:3)
  16 deep trolls
  4 ironbound convokers (Vaults:2)
  A spriggan druid (Swamp:4)
  A swamp dragon (Swamp:4)
  2 deep elf archers (Elf:3)
  2 bog bodies (Swamp:4)
  2 wizards
  9 deep elf pyromancers
  A necromancer (Depths:3)
  A harpy (Vaults:2)
  4 wolf spiders
  6 orb spiders
  8 deep elf zephyrmancers
  A cyclops (D:14)
  3 will-o-the-wisps
  4 shining eyes
  A stone giant skeleton (D:15)
  2 ugly things (Vaults:3)
  2 smoke demons (Depths:2)
  6 vault sentinels
  A torpor snail (Spider:1)
  A frost giant skeleton (D:15)
  9 yaktaurs
  3 demonic crawlers
  A guardian mummy (D:15)
  2 jumping spiders (Spider:1)
  A hornet (Spider:2)
  21 slime creatures
  A spriggan zombie (D:15)
  A water elemental (Elf:3)
  A centaur simulacrum (D:14)
  5 redbacks
  2 wraiths (Vaults:3)
  A ynoxinul (Orc:2)
  5 humans (D:14)
  A vampire mosquito (Swamp:3)
  A swamp drake (Swamp:4)
  5 orc warriors
  A boggart (Vaults:1)
  An ogre (Vaults:2)
  An earth elemental (Elf:3)
  2 orc wizards (Elf:1)
  9 orcs
  8 foxfires (D:2)
251 creatures vanquished.

Vanquished Creatures (others)
  Nikola (Swamp:2)
  A rockslime (Slime:5)
  A deep elf elementalist (Elf:3)
  A deep elf annihilator (Elf:3)
  2 deep elf death magi (Elf:3)
  An ironbound thunderhulk (Vaults:4)
  A centaur warrior (Vaults:4)
  A deep elf knight (Elf:1)
  An ugly thing (Vaults:4)
  A deep elf zephyrmancer (Elf:1)
  A deep elf pyromancer (Elf:3)
  3 vault sentinels (Vaults:4)
  A freezing wraith (Vaults:3)
  A yaktaur (Vaults:3)
  2 slime creatures (Vaults:3)
  2 orcs (Vaults:2)
  764 foxfires
  37 fungi
  109 plants
  6 withered plants (D:15)
937 creatures vanquished.

Grand Total: 3133 creatures vanquished

Notes
Turn   | Place    | Note
-------+----------+-------------------------------------------
     0 | D:1      | freelancePsychic the Djinni Fire Elementalist began the
                  | quest for the Orb.
     0 | D:1      | Reached XP level 1. HP: 15/15 MP: 0/0
   215 | D:1      | Reached skill level 1 in Fighting
   215 | D:1      | Reached XP level 2. HP: 11/22 MP: 0/0
   800 | D:1      | Reached XP level 3. HP: 21/27 MP: 0/0
   800 | D:1      | Learned a level 1 spell: Beastly Appendage
  1570 | D:2      | Reached skill level 3 in Spellcasting
  1783 | D:2      | Reached XP level 4. HP: 27/33 MP: 0/0
  2681 | D:2      | Found Zoidual's Magic Scroll Shoppe.
  3574 | D:3      | Reached XP level 5. HP: 34/40 MP: 0/0
  3574 | D:3      | Learned a level 2 spell: Wereblood
  4266 | D:3      | Found a faded altar of an unknown god.
  5037 | D:3      | Noticed Robin
  5053 | D:3      | Killed Robin
  5054 | D:3      | Reached XP level 6. HP: 16/46 MP: 0/0
  6017 | D:4      | Reached skill level 4 in Spellcasting
  6526 | D:4      | Reached XP level 7. HP: 44/52 MP: 0/0
  6526 | D:4      | Learned a level 3 spell: Ozocubu's Armour
  7124 | D:4      | Reached skill level 5 in Spellcasting
  7584 | D:5      | Entered Level 5 of the Dungeon
  7829 | D:5      | Reached skill level 5 in Fighting
  7947 | D:5      | Reached XP level 8. HP: 22/59 MP: 0/0
  8176 | D:5      | Identified the +9 war axe of Conscience {drain, Str+3
                  | Dex+4}
  8258 | D:5      | Found a staircase to the Ecumenical Temple.
  8273 | Temple   | Entered the Ecumenical Temple
  8505 | Temple   | Became a worshipper of Makhleb the Destroyer
  9222 | D:5      | Reached skill level 6 in Spellcasting
  9671 | D:5      | Identified a scroll of acquirement
  9671 | D:5      | Acquired 1040 gold pieces
  9763 | D:2      | Bought a scroll of acquirement for 572 gold pieces
  9763 | D:2      | Bought a scroll of acquirement for 572 gold pieces
  9763 | D:2      | Acquired a manual of Dodging
  9765 | D:2      | Acquired the +4 kite shield of Jipavob {rC+ Regen+}
  9947 | D:4      | Reached skill level 1 in Shields
 10155 | D:5      | Reached XP level 9. HP: 64/66 MP: 0/0
 10155 | D:5      | Learned a level 3 spell: Vampiric Draining
 10369 | D:6      | Reached skill level 5 in Dodging
 10379 | D:6      | Reached skill level 7 in Spellcasting
 10392 | D:6      | Reached * piety under Makhleb
 10410 | D:6      | Reached skill level 5 in Shields
 10616 | D:6      | Found a glowing golden altar of the Shining One.
 10718 | D:6      | Reached XP level 10. HP: 48/72 MP: 0/0
 11077 | D:6      | Found a shadowy altar of Dithmenos.
 11139 | D:7      | Found a stormy altar of Qazlal.
 11285 | D:7      | Identified the +2 leather armour of Servitude {MP+9 Str+9
                  | Dex-4}
 11454 | D:7      | Noticed Prince Ribbit
 11459 | D:7      | Killed Prince Ribbit
 11525 | D:7      | Found a shimmering altar of Xom.
 11628 | D:8      | Noticed Harold
 11635 | D:8      | Killed Harold
 11636 | D:8      | Reached skill level 8 in Spellcasting
 11854 | D:8      | Found a sacrificial altar of Ru.
 11859 | D:8      | You are sucked into a shaft and drop 1 floor!
 11885 | D:9      | Reached ** piety under Makhleb
 11972 | D:9      | Noticed Gastronok
 11994 | D:9      | Killed Gastronok
 11995 | D:9      | Reached skill level 10 in Shields
 11995 | D:9      | Reached XP level 11. HP: 76/76 MP: 0/0
 11995 | D:9      | Learned a level 4 spell: Hailstorm
 12267 | D:9      | Noticed Joseph
 12281 | D:9      | Killed Joseph
 12581 | D:10     | Entered Level 10 of the Dungeon
 12599 | D:10     | Noticed a white ugly thing
 12608 | D:10     | Killed a white ugly thing
 12732 | D:10     | Reached skill level 9 in Spellcasting
 12767 | D:10     | Reached *** piety under Makhleb
 12800 | D:10     | Found a staircase to the Lair.
 13057 | D:10     | Found Utyczukim's Jewellery Shop.
 13283 | D:10     | Reached XP level 12. HP: 85/85 MP: 0/0
 13676 | D:11     | Noticed a two-headed ogre
 13680 | D:11     | Killed a two-headed ogre
 14004 | D:11     | Noticed a two-headed ogre
 14011 | D:11     | Killed a two-headed ogre
 14012 | D:11     | Reached skill level 10 in Dodging
 14116 | D:11     | Reached **** piety under Makhleb
 14449 | Lair:1   | Entered Level 1 of the Lair of Beasts
 14562 | Lair:1   | Reached skill level 10 in Spellcasting
 14823 | Lair:1   | You are sucked into a shaft and drop 1 floor!
 15101 | Lair:1   | Identified the +9 spear of Ijor {protect, Str+2}
 15419 | Lair:2   | Noticed a five-headed hydra
 15425 | Lair:2   | Killed a five-headed hydra
 15426 | Lair:2   | Reached XP level 13. HP: 77/94 MP: 0/0
 15426 | Lair:2   | Learned a level 5 spell: Lee's Rapid Deconstruction
 16127 | Lair:2   | Acquired 397 gold pieces
 16159 | Lair:3   | Found a runed translucent gate.
 16160 | Lair:3   | Found a runed translucent gate.
 16160 | Lair:3   | Found a runed translucent gate.
 16162 | Lair:3   | Noticed Cyda Jyj's ghost (journeyman DsGl)
 16180 | Lair:3   | Reached ***** piety under Makhleb
 16189 | Lair:3   | Reached skill level 10 in Fighting
 16217 | Lair:3   | Noticed Sonja
 16222 | Lair:3   | Killed Sonja
 16262 | Lair:3   | Found a gate leading to a gauntlet.
 16273 | Gauntlet | Entered a Gauntlet
 16273 | Gauntlet | Found a transporter.
 16273 | Gauntlet | Found a transporter.
 16273 | Gauntlet | Found a transporter.
 16293 | Gauntlet | Found a transporter.
 16297 | Gauntlet | Found a transporter.
 16304 | Gauntlet | Found a transporter.
 16309 | Gauntlet | Found a transporter.
 16314 | Gauntlet | Found a runed translucent door.
 16316 | Gauntlet | Found a transporter.
 16332 | Gauntlet | Noticed a catoblepas
 16335 | Gauntlet | Found a transporter.
 16335 | Gauntlet | Noticed a hell beast
 16355 | Gauntlet | Found a transporter.
 16357 | Gauntlet | Found a transporter.
 16367 | Gauntlet | Found a transporter.
 16454 | Gauntlet | Paralysed by a floating eye for 2 turns
 16516 | Gauntlet | Killed a hell beast
 16521 | Gauntlet | Identified the ring "Satziymeoc" {rF- Will+ rCorr Dex+2}
 16538 | Gauntlet | Identified the +7 scythe "Fuapp" {flame, Drain rElec rC+
                  | Dex+2}
 16538 | Gauntlet | Noticed a minotaur
 16568 | Gauntlet | Killed a minotaur
 16569 | Gauntlet | Reached skill level 11 in Spellcasting
 16573 | Gauntlet | Identified the amulet of Beogh's Approval {*Corrode rPois
                  | rN++ Regen+ Stlth+}
 16981 | Lair:3   | Found a hole to the Spider Nest.
 17426 | Lair:3   | Upgraded the game from 0.27-a0-1557-g57f10a385c to
                  | 0.27-a0-1565-gad902ab807
 17588 | Lair:4   | Reached XP level 14. HP: 89/103 MP: 0/0
 17699 | Lair:4   | Found a staircase to the Swamp.
 18250 | Lair:5   | Found a staircase to the Slime Pits.
 18400 | Lair:5   | Reached skill level 12 in Spellcasting
 18912 | Lair:6   | Entered Level 6 of the Lair of Beasts
 19020 | Lair:6   | Reached ****** piety under Makhleb
 19170 | Lair:6   | Reached XP level 15. HP: 105/109 MP: 0/0
 19170 | Lair:6   | Learned a level 6 spell: Shadow Creatures
 20412 | D:12     | Found a flagged portal.
 20421 | Bailey   | Entered a bailey
 20560 | D:12     | Found a staircase to the Orcish Mines.
 21088 | Orc:1    | Entered Level 1 of the Orcish Mines
 21097 | Orc:1    | Reached skill level 13 in Spellcasting
 21216 | Orc:2    | Entered Level 2 of the Orcish Mines
 21293 | Orc:2    | Found Ucun's General Store.
 21297 | Orc:2    | Found Rilez's General Store.
 21599 | Orc:2    | Found a staircase to the Elven Halls.
 21787 | Orc:2    | Reached skill level 15 in Shields
 21867 | Orc:2    | Found Waggyxzo's Book Shop.
 21867 | Orc:2    | Found a one-way gate leading to the halls of Pandemonium.
 21867 | Orc:2    | Found Nuss's Antique Weapon Boutique.
 21985 | Orc:2    | Bought a potion of haste for 100 gold pieces
 22021 | Orc:1    | Reached XP level 16. HP: 93/115 MP: 0/0
 22031 | Orc:1    | Found Ytioloer's Book Boutique.
 22272 | D:13     | Found Sepel's Antique Armour Shoppe.
 22296 | D:13     | Noticed Kiemec's ghost (journeyman DjFE)
 22297 | D:13     | Found a runed translucent gate.
 22297 | D:13     | Found a runed translucent gate.
 22297 | D:13     | Found a runed translucent gate.
 22298 | D:13     | Found an iron altar of Okawaru.
 22357 | D:13     | Identified the +6 dagger of Res Nullius {venom, Fly Int+3}
 22507 | D:13     | Reached skill level 14 in Spellcasting
 23210 | D:13     | Killed Kiemec's ghost
 23218 | D:13     | Identified the amulet of Eternal Harmony {RegenMP rC+ rN+
                  | Dex-2 SInv}
 23226 | D:13     | Identified the +0 robe of Grand Mirth {Str+4}
 23268 | D:14     | Noticed Urug
 23268 | D:14     | Noticed Rupert
 23268 | D:14     | Noticed Nessos
 23268 | D:14     | Found a gate to the Vaults.
 23307 | D:14     | Killed Urug
 23317 | D:14     | Reached skill level 15 in Spellcasting
 23371 | D:14     | Killed Nessos
 23375 | D:14     | Paralysed by Rupert for 3 turns
 23383 | D:14     | Killed Rupert
 23461 | D:14     | You are sucked into a shaft and drop 1 floor!
 23461 | D:15     | Entered Level 15 of the Dungeon
 23559 | D:15     | Found a broken altar of Ashenzari.
 23594 | D:15     | Reached XP level 17. HP: 121/121 MP: 0/0
 23594 | D:15     | Learned a level 7 spell: Haunt
 23644 | D:15     | Found a staircase to the Depths.
 23872 | D:14     | Found a runed translucent gate.
 23872 | D:14     | Found a runed translucent gate.
 23872 | D:14     | Found a runed translucent gate.
 23873 | D:14     | Noticed Pesafeac's ghost (journeyman OpCj)
 24851 | Spider:1 | Entered Level 1 of the Spider Nest
 24952 | Lair:3   | Killed Cyda Jyj's ghost
 25201 | Spider:1 | Reached skill level 15 in Dodging
 25225 | Spider:1 | You are sucked into a shaft and drop 1 floor!
 25312 | Spider:1 | Found a runed translucent door.
 25315 | Spider:1 | Noticed pyrow613's ghost (journeyman DrCj)
 25316 | Spider:1 | Found a shimmering altar of Xom.
 25635 | Spider:2 | Reached skill level 16 in Spellcasting
 25982 | Spider:2 | Reached XP level 18. HP: 132/132 MP: 0/0
 26358 | Spider:3 | Reached XP level 19. HP: 139/139 MP: 0/0
 26358 | Spider:3 | Learned a level 7 spell: Storm Form
 26723 | Spider:4 | Entered Level 4 of the Spider Nest
 26994 | Spider:4 | Reached skill level 17 in Spellcasting
 27000 | Spider:4 | Reached skill level 15 in Fighting
 27037 | Spider:4 | Got a gossamer rune of Zot
 27329 | Swamp:1  | Entered Level 1 of the Swamp
 27767 | Swamp:2  | Reached XP level 20. HP: 148/149 MP: 0/0
 28116 | Swamp:2  | Noticed Nikola
 28136 | Swamp:2  | Killed Nikola
 28584 | Swamp:4  | Entered Level 4 of the Swamp
 28671 | Swamp:4  | Noticed the 27-headed Lernaean hydra
 28683 | Swamp:4  | Killed the 27-headed Lernaean hydra
 28739 | Swamp:4  | Got a decaying rune of Zot
 29041 | Swamp:4  | Reached skill level 18 in Spellcasting
 29516 | Depths:1 | Entered Level 1 of the Depths
 29566 | D:15     | Reached XP level 21. HP: 154/159 MP: 0/0
 29566 | D:15     | Learned a level 8 spell: Disjunction
 29894 | Depths:1 | Found a one-way gate to the infinite horrors of the Abyss.
 29966 | Depths:1 | Found a gateway to Hell.
 29981 | Depths:1 | Found Xurubov's General Store.
 30658 | Depths:2 | Found a glowing golden altar of the Shining One.
 30702 | Depths:2 | Found a gateway to a ziggurat.
 30795 | Depths:2 | Found a transporter.
 30887 | Depths:2 | Found a viscous altar of Jiyva.
 30976 | Depths:2 | Found a transporter.
 31262 | Depths:2 | Identified the ring "Sanuh" {Fire Fly Will+ Str+2 SInv}
 31352 | Depths:3 | Reached XP level 22. HP: 135/170 MP: 0/0
 31554 | Depths:3 | Found a stormy altar of Qazlal.
 31555 | Depths:3 | Found a glowing silver altar of Zin.
 31557 | Depths:3 | Found a white marble altar of Elyvilon.
 31562 | Depths:3 | Reached skill level 19 in Spellcasting
 31616 | Depths:3 | Noticed Mara
 31628 | Depths:3 | Killed Mara
 31874 | Depths:3 | Noticed Aizul
 31874 | Depths:3 | Noticed a juggernaut
 31879 | Depths:3 | Paralysed by a floating eye for 4 turns
 31887 | Depths:3 | Noticed Jory
 31890 | Depths:3 | Noticed a golden dragon
 32040 | Depths:3 | Killed Aizul
 32264 | Vaults:1 | Entered Level 1 of the Vaults
 32803 | Vaults:1 | Reached XP level 23. HP: 180/180 MP: 0/0
 32803 | Vaults:1 | Learned a level 8 spell: Discord
 32970 | Vaults:1 | Found the +15 Maxwell's patent armour {-Cast -Tele rElec
                  | Will+ rCorr}
 33011 | Vaults:1 | Found Boen's Distillery.
 33019 | Vaults:1 | Bought a potion of brilliance for 60 gold pieces
 33019 | Vaults:1 | Bought a potion of haste for 150 gold pieces
 33019 | Vaults:1 | Bought a potion of haste for 150 gold pieces
 33019 | Vaults:1 | Bought a potion of haste for 150 gold pieces
 33019 | Vaults:1 | Bought a potion of resistance for 150 gold pieces
 33501 | Vaults:2 | Noticed Saint Roka
 33513 | Vaults:2 | Killed Saint Roka
 33863 | Vaults:2 | Reached skill level 20 in Spellcasting
 33898 | Vaults:2 | You are sucked into a shaft and drop 2 floors!
 34625 | Vaults:2 | Noticed Sojobo
 34629 | Vaults:2 | Paralysed by an air elemental for 1 turns
 34635 | Vaults:2 | Killed Sojobo
 34813 | Vaults:2 | Found a portal to a secret trove of treasure.
 35359 | Vaults:3 | Noticed Asterion
 35370 | Vaults:3 | Killed Asterion
 35457 | Vaults:3 | Found a staircase to the Crypt.
 36227 | Vaults:4 | Reached XP level 24. HP: 188/189 MP: 0/0
 36456 | Vaults:4 | Found the +18 shield of the Gong {rElec rN+ Will+ EV-5}
 36789 | Vaults:4 | Noticed Donald
 36796 | Vaults:4 | Killed Donald
 37488 | Elf:1    | Entered Level 1 of the Elven Halls
 37681 | Elf:1    | Found a runed translucent gate.
 37681 | Elf:1    | Found a runed translucent gate.
 37681 | Elf:1    | Found a runed translucent gate.
 37681 | Elf:1    | Found a runed translucent gate.
 37681 | Elf:1    | Found a runed translucent gate.
 37682 | Elf:1    | Found a runed translucent gate.
 37763 | Elf:1    | Reached skill level 1 in Armour
 38573 | Elf:2    | Found a huge runed translucent gate.
 38575 | Elf:2    | Found a huge runed translucent gate.
 38580 | Elf:2    | Found a huge runed translucent gate.
 38581 | Elf:2    | Found a huge runed translucent gate.
 38581 | Elf:2    | Found a huge runed translucent gate.
 38630 | Elf:2    | Found Ophehyn's Antique Weapon Shop.
 38638 | Elf:2    | Reached skill level 5 in Armour
 38646 | Elf:2    | Reached skill level 21 in Spellcasting
 38646 | Elf:2    | Reached XP level 25. HP: 197/197 MP: 0/0
 38646 | Elf:2    | Learned a level 8 spell: Borgnjor's Revivification
 38936 | Elf:3    | Entered Level 3 of the Elven Halls
 38936 | Elf:3    | Noticed robertstho's ghost (adept MiBe)
 38936 | Elf:3    | Identified the +1 scythe of the Ship {chaos, Fragile rC++}
 38936 | Elf:3    | Found a runed translucent door.
 38936 | Elf:3    | Found a shimmering altar of Xom.
 39407 | Elf:3    | Reached XP level 26. HP: 203/203 MP: 0/0
 39752 | Elf:3    | Identified the +0 scale mail of Untruth {rPois rF+ Dex+4}
 39842 | Elf:3    | Identified the +7 trident of the Real Monster {flame,
                  | Int+3}
 39842 | Elf:3    | Identified the ring "Jaem" {rPois Int+2}
 40292 | Slime:1  | Entered Level 1 of the Pits of Slime
 40490 | Slime:5  | Entered Level 5 of the Pits of Slime
 40520 | Slime:5  | Noticed the Royal Jelly
 40534 | Slime:5  | Killed the Royal Jelly
 40619 | Slime:5  | Identified the +1 crystal plate armour of a wizard's
                  | laboratory {rElec rN+ Stlth+}
 40641 | Slime:5  | Identified the +9 battleaxe of the Lamprey {drain, rPois
                  | rCorr Stlth-}
 40644 | Slime:5  | Identified the +8 halberd of Etsefes {vorpal, +Blink Fly
                  | Will- rCorr}
 40685 | Slime:5  | Got a slimy rune of Zot
 41177 | Depths:3 | Reached skill level 22 in Spellcasting
 41205 | Depths:3 | Killed Jory
 41561 | Depths:3 | Identified the +4 ring mail of Gucoaj {+Inv rF- rC- Int+8}
 41561 | Depths:3 | Identified the amulet of Joz Laa {Reflect Harm SH+5}
 41700 | Depths:3 | Killed a juggernaut
 41701 | Depths:3 | Reached XP level 27. HP: 203/210 MP: 0/0
 41701 | Depths:3 | Learned a level 9 spell: Chain Lightning
 41753 | Depths:3 | Acquired 1000 gold pieces
 41773 | Depths:4 | Noticed Margery
 41776 | Depths:4 | Killed Margery
 41823 | Depths:3 | Reached skill level 23 in Spellcasting
 41918 | Depths:4 | Noticed a juggernaut
 41923 | Depths:4 | Killed a juggernaut
 42551 | Depths:5 | Entered Level 5 of the Depths
 42587 | Hell     | Entered the Vestibule of Hell
 42587 | Hell     | Noticed Geryon
 42591 | Hell     | Killed Geryon
 42747 | Hell     | Reached skill level 24 in Spellcasting
 42828 | Hell     | Found a gateway to the decaying netherworld of Tartarus.
 42927 | Hell     | Found a gateway to the ashen valley of Gehenna.
 43080 | Hell     | Found a gateway to the Iron City of Dis.
 43154 | Hell     | Found a gateway to the freezing wastes of Cocytus.
 43259 | Tar:1    | Entered Level 1 of Tartarus
 43758 | Tar:3    | You are sucked into a shaft and drop 1 floor!
 43845 | Tar:6    | Reached skill level 25 in Spellcasting
 43916 | Tar:7    | Entered Level 7 of Tartarus
 44346 | Tar:7    | Mangled by a doom hound

Illustrated notes

Levels and vault maps discovered:
D:1:      sevenhm_arrival_forest_fort_small_3, layout_basic
D:2:      layout_basic, serial_undead, serial_undead_c, serial_undead_d,
          serial_undead_c, serial_undead_e, serial_shops, shop,
          hangedman_feature_mirror
D:3:      layout_basic, ebering_ecumenical_altar_hall, minmay_misc_feat_tower,
          uniq_robin
D:4:      layout_basic
D:5:      layout_basic, vehumet_crystals, minmay_temple_entry_tees
D:6:      layout_loops_ring, nicolae_overflow_hidden_temple,
          mainiacjoe_overflow_paths, lemuel_doored_altar,
          lemuel_coloured_pillars_altar, amethyst_killhole
D:7:      layout_rooms, mainiacjoe_overflow_cross_hatched,
          mainiacjoe_overflow_tiny_flanked, uniq_prince_ribbit1
D:8:      layout_loops_ring, nicolae_ru_sacrificial_ziggurat,
          amcnicky_mini_pool_small, uniq_maurice, uniq_erica, uniq_grum,
          uniq_harold
D:9:      layout_roguey, kennysheep_generic_room_15, uniq_gastronok, uniq_joseph
D:10:     layout_roguey, erik_lair_orcish_takeover, serial_shops,
          nicolae_shop_competitors_out_of_business, roderic_serpentine_path,
          st_stairs_1
D:11:     layout_grid_maze
D:12:     layout_basic, orc_0_dummy, enter_bailey_6
D:13:     layout_stronghold, serial_shops, shop, gammafunk_ghost_fury_of_okawaru
D:14:     minmay_the_grid_four_pointed_star_mashed
          [minmay_the_grid_triangle_9x9_empty,
          minmay_the_grid_triangle_9x9_stretched_checkered,
          minmay_the_grid_triangle_9x9_impossible_snake,
          minmay_the_grid_triangle_9x9_alien, minmay_the_grid_prize_big_room],
          layout_basic, david_vaults_3, gammafunk_ghost_spectres,
          chequers_serial_rivers_small_3
D:15:     gammafunk_depths_entry_grave, layout_loops_ring,
          cheibrodos_ashenzari_chains
Temple:   zaba_magenta_temple
Lair:1:   layout_roguey, special_room [special_room_bee], kennysheep_rathole
Lair:2:   dpeg_oklob_gauntlet, layout_cave_shapes, serial_bayou_lagoon_b,
          infiniplex_staircase_pool
Lair:3:   layout_hall_layers, nicolae_spider_entry_orb_guardian,
          gammafunk_ghost_split, gauntlet_entry_generic, wad_woods_01,
          uniq_sonja
Lair:4:   layout_loops_ring, palyth_hydra_swamp_entry, lemuel_fruit_fields
Lair:5:   layout_gridlike, minmay_slime_entry_pillars, grunt_megastairs_3
Lair:6:   minmay_lair_end_enchanted_forest, layout_regular_city,
          serial_bayou_crossing
Swamp:1:  layout_basic_swamp, nicolae_swamp_some_circles
Swamp:2:  layout_basic_swamp, evilmike_swamp_ruin_house_4, swamp_pool1,
          uniq_nikola
Swamp:3:  layout_basic_swamp, hangedman_swamp_cone, infiniplex_staircase_pool_2
Swamp:4:  grunt_swamp_rune_castle, layout_basic_swamp, swamp_pool4
Spider:1: layout_spider_delve, ebering_ghost_xom, drop_trap,
          nicolae_spider_shape
Spider:2: layout_spider_delve
Spider:3: layout_spider_delve, drop_trap
Spider:4: grunt_spider_rune_island, drop_trap, nicolae_spider_bzzzt
Slime:1:  layout_caves, cheibrodos_slime_lost_civilization_4
Slime:2:  layout_caves
Slime:3:  layout_caves
Slime:4:  layout_caves, cheibrodos_slime_lost_civilization_5
Slime:5
Orc:1:    layout_caves, serial_shops, shop
Orc:2:    pf_orc_diabolical, layout_caves
Elf:1:    minmay_elf_crystal_pentagon, layout_onion_city, orc_legates,
          nicolae_elf_v_pinch
Elf:2:    layout_geoelf_diagonals, serial_shops, nicolae_shop_stone
Elf:3:    minmay_elf_hall_statues, layout_gridlike, ebering_ghost_xom
Vaults:1: grunt_vaults_bifocal, v_pattern_3, ontoclasm_vaults_gallery,
          vaults_mumra_minichess, v_rooms_2, grunt_vaults_focal,
          ontoclasm_vaults_fault, vaults_standard_mumra_enter_the_diamond,
          hangedman_vaults_variations, grunt_vaults_diagonal,
          grunt_vaults_trifunnel, ontoclasm_vaults_pinch,
          nicolae_vaults_angled_halls, vaults_room_hallway, layout_vaults_maze,
          serial_shops, shop
Vaults:2: vaults_room_pools, vaults_mumra_bighexcomb, v_rooms_4,
          grunt_vaults_hallway_long, nicolae_vaults_asterisk, v_pattern_2,
          vaults_mumra_hex, v_misc_22, nicolae_vaults_little_squares_3,
          layout_vaults_chaotic_city, nicolae_trove_entry_isolated, uniq_sojobo,
          uniq_saint_roka
Vaults:3: minmay_crypt_entry_simple_walls, v_misc_13,
          vaults_room_stairs_pillars, vaults_room_hallway, nicolae_vaults_theta,
          nicolae_vaults_alarming, layout_vaults_quadrants, uniq_asterion
Vaults:4: v_rooms_5, ontoclasm_vaults_eye, nicolae_vaults_big_ls, v_misc_19,
          nicolae_vaults_circle_grid_a, grunt_vaults_hallway_long,
          hellmonk_guarded_unrand_gong, vaults_mumra_chevron_long, v_rooms_6,
          v_misc_18, v_misc_18, ontoclasm_vaults_loading_screen,
          layout_vaults_omnibox, uniq_donald
Depths:1: layout_forbidden_donut, hangedman_coc_ice_floe, serial_shops,
          nicolae_shop_crystal, ebering_dispersal_statue_hall, abyss_entry,
          dpeg_stationary_puzzle
Depths:2: gammafunk_jiyva_shrine, layout_cave_pools, enter_ziggurat_a,
          lightli_too_deep, nicolae_tso_carved_into_rock,
          minmay_staircase_bubble, serial_bayou_shore_b, serial_bayou_shore_a
Depths:3: hangedman_slaughterboxes, abyss_entry, pan_entry, serial_shops,
          hell_entry, uniq_aizul, uniq_jory, uniq_mara
Depths:4: kennysheep_green_arena, layout_cave_pools, abyss_entry, hell_entry,
          dk_noncrumbling_4, infiniplex_staircase_zigzag_2, uniq_margery
Depths:5: evilmike_zot_entry_argh, layout_honeycomb, serial_shops,
          nicolae_lakefront_shop, nicolae_abyss_entry_one_way_or_another,
          serial_sigils, serial_sigils_hangedman_quiver,
          serial_sigils_hangedman_gut, serial_sigils_hangedman_confine,
          serial_sigils_hangedman_snap, pf_hell_entry_tar_river,
          good_gods_mini_temple, minmay_crystal_room, corexii_leaking_fountain,
          led_sif_pool
Hell
Tar:1:    layout_honeycomb
Tar:2:    layout_honeycomb
Tar:3:    layout_grid_maze
Tar:4:    layout_honeycomb, grunt_megastairs_2
Tar:5:    layout_grid_maze
Tar:6:    layout_catacombs
Tar:7:    tar_minmay_river

Skill      XL: |  1  2  3  4  5  6  7  8  9 10 11 12 13 14 15 16 17 18 19 20 21 22 23 24 25 26 27 |
---------------+----------------------------------------------------------------------------------+-----
Fighting       | 1 2 3 4 5 6 7 9 10 11 13 15 16 18 19 20 21 | 21.4
Spellcasting   | 3 4 5 6 7 8 9 10 11 12 13 15 16 17 18 19 20 21 22 25 | 25.8
Shields        | 1 5 10 12 13 15 | 15.0
Dodging        | 3 6 8 12 13 15 | 15.0
Armour         | 6 7 8 |  8.7
Stealth        | |  1.5

Action                   |  1- 3 |  4- 6 |  7- 9 | 10-12 | 13-15 | 16-18 | 19-21 | 22-24 | 25-27 || total
-------------------------+-------+-------+-------+-------+-------+-------+-------+-------+-------++-------
Melee: Unarmed           |    10 |   106 |       |       |       |       |     8 |       |       ||   124
       Dagger            |       |       |    49 |    34 |     6 |       |       |       |       ||    89
       Staff             |       |       |       |       |     4 |    14 |    12 |    11 |     9 ||    50
 Cast: Foxfire           |    85 |   197 |   119 |    72 |       |     1 |       |       |       ||   474
       Wereblood         |       |     4 |       |       |       |       |       |       |       ||     4
       Sticky Flame      |       |       |    21 |    23 |    12 |     1 |     8 |     6 |       ||    71
       Inner Flame       |       |       |     2 |     5 |     4 |       |       |       |       ||    11
       Conjure Flame     |       |       |     1 |       |       |       |       |       |       ||     1
       Vampiric Draining |       |       |     3 |   275 |   152 |    77 |    65 |    58 |       ||   630
       Fireball          |       |       |       |    62 |   359 |   298 |   517 |   414 |   124 ||  1774
       Lee's Rapid Decon |       |       |       |       |    15 |    75 |    15 |   123 |    64 ||   292
       Shadow Creatures  |       |       |       |       |    12 |    15 |     8 |    16 |     4 ||    55
       Haunt             |       |       |       |       |       |    15 |    35 |    51 |    51 ||   152
       Storm Form        |       |       |       |       |       |       |     1 |       |       ||     1
       Disjunction       |       |       |       |       |       |       |     9 |    15 |     8 ||    32
       Hailstorm         |       |       |       |       |       |       |     2 |       |       ||     2
       Discord           |       |       |       |       |       |       |       |    38 |    35 ||    73
       Ozocubu's Armour  |       |       |       |       |       |       |       |       |     1 ||     1
       Chain Lightning   |       |       |       |       |       |       |       |       |   269 ||   269
  Use: Scroll            |     5 |     1 |     6 |     8 |     7 |     5 |     2 |     4 |    10 ||    48
       Potion            |       |       |       |       |     4 |     1 |     1 |     2 |     2 ||    10
 Stab: Sleeping          |       |     1 |     1 |     1 |       |       |       |       |       ||     3
       Paralysed         |       |       |       |       |     1 |       |       |       |       ||     1
Armor: Robe              |     7 |    68 |    19 |    46 |    17 |       |       |       |       ||   157
       Troll leather arm |       |       |       |       |     2 |    66 |    61 |    37 |    27 ||   193
       Skin              |       |       |       |       |       |       |     8 |       |       ||     8
Dodge: Dodged            |    23 |   134 |    47 |   171 |    81 |   254 |   257 |    90 |    70 ||  1127
Block: Kite shield       |       |       |    37 |   319 |   168 |   300 |   237 |   156 |    85 ||  1302

Table legend: (Time is in decaauts)
 A = Elapsed time spent in this place.
 B = Non-inter-level travel time spent in this place.
 C = Inter-level travel time spent in this place.
 D = Time resting spent in this place.
 E = Time spent auto-exploring this place.
 F = Levels seen in this place.
 G = Mean time per level.
                   A        B        C        D        E       F      G
               +--------+--------+--------+--------+--------+-----+--------+
         Total |  44511 |  41058 |   3453 |   1752 |  30351 |  59 |  754.4 |
       Dungeon |  18182 |  16725 |   1457 |    577 |  13716 |  15 | 1212.1 |
        Temple |    245 |    226 |     19 |      0 |    225 |   1 |  245.0 |
          Lair |   6019 |   5260 |    759 |    113 |   4100 |   6 | 1003.2 |
         Swamp |   1990 |   1857 |    133 |      0 |   1431 |   4 |  497.5 |
   Spider Nest |   2224 |   2128 |     96 |     79 |   1353 |   4 |  556.0 |
    Slime Pits |    537 |    500 |     37 |     62 |    114 |   5 |  107.4 |
  Orcish Mines |   1236 |   1048 |    188 |      0 |    721 |   2 |  618.0 |
   Elven Halls |   2592 |   2462 |    130 |    107 |   1753 |   3 |  864.0 |
        Vaults |   5163 |   4979 |    184 |    406 |   3527 |   4 | 1290.8 |
        Depths |   4235 |   3818 |    417 |    297 |   2363 |   5 |  847.0 |
          Hell |    579 |    579 |      0 |     33 |    414 |   1 |  579.0 |
      Tartarus |   1035 |   1005 |     30 |     38 |    432 |   7 |  147.9 |
        Bailey |    133 |    133 |      0 |      0 |     47 |   1 |  133.0 |
      Gauntlet |    335 |    335 |      0 |     40 |    155 |   1 |  335.0 |
               +--------+--------+--------+--------+--------+-----+--------+

Top non-repeatable levels by time:
     D:3: 2641 daAuts
     D:2: 1942 daAuts
     D:4: 1737 daAuts
Depths:3: 1693 daAuts
     D:5: 1644 daAuts
     D:1: 1566 daAuts
Vaults:3: 1442 daAuts
     D:6: 1379 daAuts
  Lair:3: 1321 daAuts
Vaults:2: 1310 daAuts
Vaults:4: 1294 daAuts
    D:13: 1149 daAuts
    D:10: 1148 daAuts
  Lair:6: 1142 daAuts
Vaults:1: 1114 daAuts
